 Dungeon Crawl Stone Soup version 0.25-a0-855-g681bda5bb4 (webtiles) character file.

Game seed: 11442186504521410398, levelgen mode: deterministic

357 Maedhros the Insei (level 6, -5/37 HPs)
             Began as an Octopode Chaos Knight on Apr 26, 2020.
             Was a Plaything of Xom.
             Slain by a centaur (7 damage)
             ... on level 6 of the Dungeon.
             The game lasted 00:08:12 (1404 turns).

Maedhros the Insei (Octopode Chaos Knight)          Turns: 1404, Time: 00:08:13

Health: -5/37      AC:  1    Str: 11    XL:     6   Next: 64%
Magic:  6/6        EV: 13    Int: 14    God:    Xom [......]
Gold:   61         SH:  4    Dex: 12    Spells: 5/5 levels left

rFire    . . .     SeeInvis .     - Unarmed
rCold    . . .     Gourm    .   n - +0 buckler
rNeg     . . .     Faith    .   (helmet restricted)
rPois    +         Spirit   .   (no amulet)
rElec    .         Reflect  .   l - ring of poison resistance
rCorr    .         Harm     .   (no ring)
MR       .....                  (no ring)
Stlth    ++........             (no ring)
HPRegen  0.12/turn              (no ring)
MPRegen  0.10/turn              (no ring)
                                (no ring)
                                (no ring)

@: no status effects
A: almost no armour, stealthy swim, amphibious, 8 rings, constrict 8, tentacle
spike 1, camouflage 1, clumsy 1, frail 1, gelatinous body 1, MP-powered wands
a: Renounce Religion


You were on level 6 of the Dungeon.
You worshipped Xom.
You were a very special plaything of Xom.
You were not hungry.

You visited 1 branch of the dungeon, and saw 6 of its levels.

You collected 61 gold pieces.

Inventory:

Hand Weapons
 j - a +0 vorpal broad axe
Armour
 e - a +0 kite shield
 n - a +0 buckler (worn)
Jewellery
 l - a ring of poison resistance (left tentacle)
Wands
 k - a wand of iceblast (13)
Scrolls
 d - a scroll of random uselessness {unknown}
 f - a scroll of identify {unknown}
 h - a scroll of blinking {unknown}
 i - a scroll of enchant armour {unknown}
 m - a scroll of noise {unknown}
Potions
 c - 2 potions of flight
Comestibles
 a - 7 rations
 g - a chunk of flesh


   Skills:
 - Level 3.0 Fighting
 - Level 2.3 Dodging
 + Level 3.0 Shields
 + Level 6.4 Unarmed Combat


You had 5 spell levels left.
You didn't know any spells.
Your spell library was empty.

Dungeon Overview and Level Annotations

Branches:
Dungeon (6/15)
 Temple: D:4-7

Altars:
Kikubaaqudgha
Sif Muna
Uskayaw
Xom

Annotations:
D:5 Pikel


Innate Abilities, Weirdness & Mutations

You cannot wear most types of armour.
You are very stealthy in the water. (Stealth+)
You are amphibious.
You can wear up to eight rings at the same time.
You can use your tentacles to constrict eight enemies at once.
Your skin changes colour to match your surroundings (Stealth+).
Your rubbery body absorbs attacks. (AC +1, EV +1)
One of your tentacles bears a spike.
You are clumsy. (Dex -2)
You are frail. (-10% HP)
You expend magic power (3 MP) to strengthen your wands.


Message History

This raw flesh tastes terrible.
You hear the slow hiss of a very distant avalanche of sand.
The centaur shouts!
The centaur wields a +0 shortbow.
The centaur shoots an arrow.
The arrow completely misses you.
The centaur shoots an arrow.
The arrow hits you!
* * * LOW HITPOINT WARNING * * *
You see here an arrow.
The centaur unwields a +0 shortbow.
The centaur hits you!
* * * LOW HITPOINT WARNING * * *
You barely miss the centaur. You block the centaur's attack.
The centaur closely misses you.
You closely miss the centaur. The centaur closely misses you.
You barely miss the centaur. The centaur closely misses you.
You tentacle-slap the centaur.
You pierce the centaur, but do no damage.
The centaur is lightly wounded.
The centaur hits you!
You die...
Xom titters!

####.............##...#
#......).........##...#
#..........(..........#
#.....................#
#..................####
#.......##+#.......#
#.......##.#.......#
#.......+..#c......#
#.......##.#.@(....#
#.......##..(...<..#
####.......(...[...#
#.#####.#.......# #..
...#.......# ##
#####.......# #########


You could see a centaur.

Vanquished Creatures
  A centaur (D:4)
  A bullfrog zombie (D:6)
  An orc priest (D:2)
  A hound (D:5)
  An orc wizard (D:5)
  2 worker ants
  A hound skeleton (D:4)
  A gnoll (D:1)
  5 adders
  An ooze (D:1)
  A worm (D:3)
  2 dart slugs
  4 orcs
  2 ball pythons
  2 giant cockroaches
  A hobgoblin (D:2)
  2 quokkas (D:2)
  3 bats
  A frilled lizard (D:1)
  2 goblins
  4 kobolds
  6 rats
45 creatures vanquished.

Notes
Turn   | Place    | Note
-------+----------+-------------------------------------------
     0 | D:1      | Maedhros the Octopode Chaos Knight began the quest for the
                  | Orb.
     0 | D:1      | Reached XP level 1. HP: 16/16 MP: 1/1
   101 | D:1      | Reached XP level 2. HP: 18/21 MP: 2/2
   148 | D:1      | XOM: divination: detect creatures
   258 | D:2      | Reached skill level 4 in Unarmed Combat
   270 | D:2      | XOM: silly message
   274 | D:2      | XOM: divination: detect creatures
   275 | D:2      | Reached XP level 3. HP: 15/26 MP: 3/3
   276 | D:2      | Found a shimmering blue altar of Sif Muna.
   404 | D:2      | Found an ancient bone altar of Kikubaaqudgha.
   418 | D:2      | XOM: silly message
   431 | D:2      | XOM: 1-stop teleportation journey
   553 | D:1      | XOM: 1-stop teleportation journey
   617 | D:1      | XOM: scenery: create altars
   695 | D:2      | Reached XP level 4. HP: 20/31 MP: 4/4
   708 | D:2      | Reached skill level 5 in Unarmed Combat
   710 | D:3      | XOM: scenery: create altars
   797 | D:2      | Found a hide-covered altar of Uskayaw.
   917 | D:3      | XOM: god gift: ration
   924 | D:3      | Reached XP level 5. HP: 24/36 MP: 5/5
   965 | D:4      | Noticed a centaur
   975 | D:4      | Killed a centaur
   975 | D:4      | Reached skill level 1 in Shields
  1004 | D:4      | Reached skill level 6 in Unarmed Combat
  1024 | D:5      | Entered Level 5 of the Dungeon
  1055 | D:5      | Reached XP level 6. HP: 35/42 MP: 6/6
  1061 | D:5      | Noticed a wyvern
  1066 | D:5      | Gained mutation: You are frail. (-10% HP) [potion of
                  | mutation]
  1066 | D:5      | Gained mutation: You expend magic power (3 MP) to
                  | strengthen your wands. [potion of mutation]
  1066 | D:5      | Gained mutation: One of your tentacles bears a spike.
                  | [potion of mutation]
  1071 | D:5      | Noticed a slave
  1071 | D:5      | Noticed a slave
  1071 | D:5      | Noticed a slave
  1071 | D:5      | Noticed Pikel
  1080 | D:5      | XOM: scenery: create altars
  1083 | D:5      | XOM: cast spell 'Metabolic Englaciation'
  1271 | D:6      | XOM: give mutation
  1271 | D:6      | Gained mutation: You are clumsy. (Dex -2) [Xom's mischief]
  1400 | D:6      | HP: 1/37 [centaur (7)]
  1404 | D:6      | Slain by a centaur

Levels and vault maps discovered:
D:1:      dpeg_arrival_prison, layout_basic
D:2:      layout_basic, eat_drink_and_be_merry_uskayaw, lemuel_round_altar,
          lemuel_coloured_pillars_altar, kiku_gazebo_pond_becter
D:3:      layout_basic, old_standard_altar, first_ration, grunt_ministairs_1
D:4:      layout_loops_corners, kennysheep_mini_moat
D:5:      layout_rooms, elyvilon_altar_5, uniq_pikel
D:6:      layout_basic, lightli_temple_of_fire, nicolae_ossuary_entry_ruins

Skill      XL: |  1  2  3  4  5  6 |
---------------+-------------------+-----
Unarmed Combat | 4 5 6 |  6.4
Shields        | 2 3 |  3.0
Fighting       | |  3.0
Dodging        | |  2.3

Action                   |  1- 3 |  4- 6 || total
-------------------------+-------+-------++-------
Melee: Unarmed           |    54 |    59 ||   113
       Constrict         |    14 |    16 ||    30
       Tentacles         |     8 |    15 ||    23
       Punch             |     1 |       ||     1
       Kick              |       |     5 ||     5
  Use: Scroll            |       |     3 ||     3
       Potion            |       |     6 ||     6
 Stab: Sleeping          |     7 |     3 ||    10
  Eat: Chunk             |       |     2 ||     2
Armor: Skin              |     4 |       ||     4
Dodge: Dodged            |    31 |    34 ||    65
Block: Buckler           |       |     8 ||     8

Table legend:
 A = Non-vault XP
 B = Vault XP
 C = Vault XP percentage of total XP
 D = Non-vault monster count
 E = Vault monster count
 F = Vault count percentage of total count
                 A         B        C        D         E       F
            +---------+---------+-------+---------+---------+-------
      Total |     462 |      48 |   9.4 |      41 |       4 |   8.9
            +---------+---------+-------+---------+---------+-------
        D:1 |      36 |       0 |   0.0 |      12 |       0 |   0.0
        D:2 |      67 |      44 |  39.6 |      12 |       2 |  14.3
        D:3 |      16 |       4 |  20.0 |       7 |       2 |  22.2
        D:4 |     135 |       0 |   0.0 |       2 |       0 |   0.0
        D:5 |     128 |       0 |   0.0 |       6 |       0 |   0.0
        D:6 |      80 |       0 |   0.0 |       2 |       0 |   0.0
            +---------+---------+-------+---------+---------+-------
